 Dungeon Crawl Stone Soup version 0.31-a0-277-g31ea1f65cc (webtiles) character file.

Game seed: 2420070377308761339

7061 LeprechaunX the Mimic (level 11, -32/75 HPs)
             Began as an Octopode Shapeshifter on July 16, 2023.
             Was a Believer of Cheibriados.
             Killed from afar by a wizard (43 damage)
             ... with a fireball
             ... on level 9 of the Dungeon.
             The game lasted 00:30:14 (9595 turns).

LeprechaunX the Mimic (Octopode Shapeshifter)       Turns: 9595, Time: 00:30:14

Health: -32/75     AC:  1    Str: 25    XL:     11   Next: 9%
Magic:  17/17      EV: 17    Int: 19    God:    Cheibriados [**....]
Gold:   429        SH:  5    Dex: 24    Spells: 18/18 levels left

rFire   . .          .
                       - Unarmed
rCold   . . .        (no shield)
rNeg    + . .        E - melded +2 hat
rPois   .            l - amulet of reflection
rElec   .            k - ring of positive energy
rCorr   .            n - +6 ring of intelligence
SInv    .            r - ring of wizardry
Will    .....        D - +6 ring of dexterity
Stlth   +++          (no ring)
HPRegen 0.32/turn    (no ring)
MPRegen 0.15/turn    (no ring)
                     (no ring)

%: reflection, wizardry (x1)
@: beast-form, very slow
A: beast (slay +6), almost no armour, amphibious, 8 rings, camouflage 1,
gelatinous body 1, (nimble swimmer 1), tentacles, tentacle spike 1, strong 1
a: Begin Untransformation, Renounce Religion, Bend Time


You were on level 9 of the Dungeon.
You worshipped Cheibriados.
Cheibriados was pleased with you.
You were a hulking beast.
You visited 2 branches of the dungeon, and saw 10 of its levels.

You collected 429 gold pieces.

Inventory:

Hand Weapons
 a - a +0 shortbow
 q - a +0 antimagic whip
Missiles
 v - 26 poisoned darts (quivered)
 y - a javelin
Armour
 E - a +2 hat (melded)
Jewellery
 k - a ring of positive energy (left tentacle)
 l - an amulet of reflection (around mantle)
 n - a +6 ring of intelligence (right tentacle)
 r - a ring of wizardry (on tentacle)
 D - a +6 ring of dexterity (on tentacle)
Talismans
 b - a beast talisman
 m - a granite talisman
 I - a maw talisman
Scrolls
 c - a scroll of summoning {unknown}
 d - 2 scrolls of enchant weapon {unknown}
 f - 9 scrolls of identify {unknown}
 g - 2 scrolls of fear {unknown}
 h - 2 scrolls of brand weapon {unknown}
 i - 3 scrolls of teleportation {unknown}
 o - 2 scrolls of vulnerability {unknown}
 p - 4 scrolls of amnesia {unknown}
 s - a scroll of blinking {unknown}
 t - 2 scrolls of poison {unknown}
 u - 3 scrolls of enchant armour {unknown}
 G - a scroll of immolation {unknown}
Potions
 e - 3 potions of mutation
 j - 2 potions of attraction {unknown}
 w - a potion of haste {unknown}
 x - a potion of lignification
 z - 3 potions of curing {unknown}
 A - a potion of resistance {unknown}
 B - 2 potions of might {unknown}
 C - a potion of ambrosia {unknown}
 F - a potion of degeneration {unknown}
 H - a potion of magic {unknown}


   Skills:
 + Level 7.2 Fighting
 - Level 5.2 Dodging
 + Level 7.2 Unarmed Combat
 + Level 4.0 Spellcasting
 * Level 7.2 Invocations
 * Level 8.7 Shapeshifting


You had 18 spell levels left.
You didn't know any spells.
Your spell library contained the following spells:

 Spells                   Type           Power      Damage    Failure   Level
 Magic Dart               Conj           12%        1d3       6%          1
 Cigotuvi's Dreadful Rot  Necr/Pois/Air  6%         N/A       9%          2
 Poisonous Vapours        Pois/Air       6%         N/A       9%          2
 Searing Ray              Conj           6%         2d4       9%          2
 Call Canine Familiar     Summ           3%         N/A       16%         3
 Ignite Poison            Fire/Tmut/Pois 3%         N/A       16%         3
 Mephitic Cloud           Conj/Pois/Air  3%         N/A       16%         3
 Portal Projectile        Hex/Tloc       6%         N/A       16%         3
 Fulminant Prism          Conj/Hex       1%         3d5       45%         4
 Leda's Liquefaction      Hex/Erth       1%         N/A       45%         4
 Freezing Cloud           Conj/Ice/Air   1%         6-21      80%         5


Dungeon Overview and Level Annotations

Branches:
Dungeon (9/15)             Temple (1/1) D:6
   Lair: D:8-11         Orc: D:9-12

Altars:
Ashenzari
Cheibriados
Dithmenos
Elyvilon
Fedhas
Gozag
Hepliaklqana
Kikubaaqudgha
Makhleb
Okawaru
Qazlal
Ru
Sif Muna
Trog
Uskayaw
Vehumet
Wu Jian
Yredelemnul
Zin
The Shining One


Innate Abilities, Weirdness & Mutations

You are a hulking beast.
Your limbs bulge with bestial killing power. (Slay +6)
You cannot wear most types of armour.
You are amphibious.
You can wear up to eight rings at the same time.
Your skin changes colour to match your surroundings (Stealth+).
Your rubbery body absorbs attacks. (AC +1, EV +1)
((You are camouflaged when in or above water. (Stealth+)))
You have tentacles for arms and can constrict up to eight enemies at once.
One of your tentacles bears a spike.
Your muscles are strong. (Str +4, Int/Dex -1)


Message History

A wizard comes into view. It is wielding a +0 dagger.
You shoot an arrow.
The arrow hits the orc but does no damage.
The orc attacks as you move away! You block the orc's attack.
The wizard gestures at you while chanting.
The fireball explodes!
The fireball engulfs the orc!!!
The orc dies!
The fireball engulfs you!!
You hear a shout!
The wizard casts a spell at you. You resist with significant effort.
You are now empty-tentacled.
An orc comes into view. It is wielding a +0 mace.
The wizard misses you.
The wizard casts a spell.
The wizard flickers and vanishes!
Deactivating autopickup; reactivate with Ctrl-A.
The orc moves out of view.
Something hits you. Something hits you. Something barely misses you.
Something barely misses you. Something completely misses you.
Something hits you. Something barely misses you. Something hits you.
Something hits you!
You hear some strange, mumbled words.
A fireball appears from out of thin air!
The fireball explodes!
The fireball engulfs you!!
* * * LOW HITPOINT WARNING * * *
The fireball engulfs something!!!
Something completely misses you.
You hear some strange, mumbled words.
Something tries to affect you, but you resist.
You hear some strange, mumbled words.
A fireball appears from out of thin air!
The fireball explodes!
The fireball engulfs you!!!
Ouch! That really hurt!
You die...

.# ... ##.# #...# #### #
#...##..####.##
#.....h#.....#..
..##.#....{o....)..#
.....#..#####.#.....
)........###### ....
...........#.#########
##.......##......##....###
...........####....#.......##
.........#..##....##.♣♣♣....#
#........#...##...#....♣♣♣..##


You could see an orc.

Vanquished Creatures
  Gastronok (D:8)
  A two-headed ogre (D:9)
  A troll (D:9)
  A hornet (D:8)
  Prince Ribbit (D:8)
  8 yaks
  Sigmund (D:2)
  A vampire (D:9)
  2 steam dragons (D:8)
  Menkaure (D:5)
  Duvessa (D:4)
  An acid dragon (D:9)
  A water moccasin (D:7)
  2 ice beasts
  3 orc warriors
  A black bear (D:6)
  A centaur (D:8)
  5 ogres
  2 phantoms (D:5)
  Blork the orc (D:6)
  2 kobold brigands
  A bullfrog (D:8)
  2 gnoll sergeants
  3 scorpions
  Dowan (D:4)
  7 howler monkeys
  A jelly (D:6)
  2 hounds
  3 orc priests
  2 sleepcaps
  3 iguanas
  3 orc wizards
  Robin (D:2)
  8 gnolls
  6 adders
  A shadow imp (D:6)
  2 ufetubi
  2 worms (D:2)
  21 orcs
  2 endoplasms
  A giant cockroach (D:2)
  10 goblins
  5 hobgoblins
  4 jackals (D:4)
  A quokka (D:3)
  4 ball pythons
  6 bats
  2 frilled lizards
  8 kobolds
  2 rats
152 creatures vanquished.

Vanquished Creatures (others)
  An orc (D:9)
1 creature vanquished.

Grand Total: 153 creatures vanquished

Notes
Turn   | Place    | Note
-------+----------+-------------------------------------------
     0 | D:1      | LeprechaunX the Octopode Shapeshifter began the quest for
                  | the Orb.
     0 | D:1      | Reached XP level 1. HP: 14/14 MP: 1/1
   460 | D:1      | Found a faded altar of an unknown god.
   836 | D:2      | Reached XP level 2. HP: 18/19 MP: 2/2
  1275 | D:2      | Reached XP level 3. HP: 18/24 MP: 3/3
  1360 | D:2      | Noticed Robin
  1373 | D:2      | Killed Robin
  1484 | D:2      | Noticed Sigmund
  1632 | D:2      | Killed Sigmund
  1633 | D:2      | Reached skill level 4 in Shapeshifting
  1633 | D:2      | Reached XP level 4. HP: 4/31 MP: 4/4
  1633 | D:2      | Reached XP level 5. HP: 5/36 MP: 5/5
  2314 | D:3      | Found an ornate altar of the Wu Jian Council.
  2783 | D:4      | Noticed an ogre
  2793 | D:3      | Reached XP level 6. HP: 42/42 MP: 6/6
  3026 | D:4      | Found a shimmering blue altar of Sif Muna.
  3063 | D:4      | Reached XP level 7. HP: 39/46 MP: 7/7
  3154 | D:4      | Noticed Duvessa
  3154 | D:4      | Noticed Dowan
  3627 | D:4      | Killed Duvessa
  3628 | D:4      | Reached skill level 5 in Shapeshifting
  3645 | D:4      | Killed Dowan
  3844 | D:4      | Found an ancient bone altar of Kikubaaqudgha.
  4018 | D:5      | Entered Level 5 of the Dungeon
  4175 | D:5      | Found a radiant altar of Vehumet.
  4239 | D:5      | Noticed Menkaure
  4303 | D:5      | Reached XP level 8. HP: 50/54 MP: 8/8
  4714 | D:5      | HP: 2/54 [orc wizard/puff of flame (8)]
  4771 | D:6      | Gained mutation: Your muscles are strong. (Str +4, Int/Dex
                  | -1) [potion of mutation]
  4771 | D:6      | Gained mutation: One of your tentacles bears a spike.
                  | [potion of mutation]
  4956 | D:5      | Killed Menkaure
  4957 | D:5      | Reached skill level 6 in Shapeshifting
  5349 | D:6      | Reached skill level 5 in Unarmed Combat
  5451 | D:6      | Reached skill level 5 in Fighting
  5467 | D:6      | Noticed Blork the orc
  5472 | D:6      | Killed Blork the orc
  5473 | D:6      | Reached skill level 5 in Dodging
  5858 | D:6      | Found a staircase to the Ecumenical Temple.
  5949 | D:6      | Found a bloodstained altar of Trog.
  5978 | D:6      | Reached XP level 9. HP: 61/61 MP: 9/9
  6215 | Temple   | Entered the Ecumenical Temple
  6306 | Temple   | Became a worshipper of Cheibriados the Contemplative
  6388 | D:7      | Reached skill level 1 in Invocations
  6618 | D:7      | Reached skill level 1 in Spellcasting
  6814 | D:7      | Reached skill level 7 in Shapeshifting
  7209 | D:8      | Noticed Prince Ribbit
  7427 | D:8      | Reached * piety under Cheibriados
  7459 | D:8      | Noticed Gastronok
  7488 | D:8      | Reached XP level 10. HP: 42/68 MP: 13/13
  7711 | D:8      | Killed Gastronok
  7712 | D:8      | Reached skill level 5 in Invocations
  7712 | D:8      | Reached skill level 8 in Shapeshifting
  8017 | D:8      | Killed Prince Ribbit
  8303 | D:8      | Paralysed by a hornet for 1 turns
  9203 | D:9      | Noticed a two-headed ogre
  9236 | D:9      | Killed a two-headed ogre
  9237 | D:9      | Reached XP level 11. HP: 75/75 MP: 16/16
  9256 | D:9      | Found a hazy altar of Hepliaklqana.
  9280 | D:9      | Found a stormy altar of Qazlal.
  9356 | D:9      | Reached ** piety under Cheibriados
  9572 | D:9      | Noticed a wizard
  9595 | D:9      | Killed from afar by a wizard

Illustrated notes

Levels and vault maps discovered:
D:1:      scummos_arrival_simple_crosswalls, layout_basic,
          shapermc_ecumenical_altar_mp_urbaneastern, corexii_leaking_fountain,
          amcnicky_mini_rare_corridor_liquid, hangedman_abyss_or_decor_stabs
D:2:      layout_basic, uniq_robin, uniq_sigmund
D:3:      layout_basic, mainiacjoe_overflow_alcove_4
D:4:      layout_cave_pools, kiku_gazebo_garden_becter,
          mainiacjoe_overflow_tiny_flanked, chequers_big_river, uniq_duvessa
D:5:      layout_layer_cave, nicolae_vehumet_radiance, uniq_menkaure
D:6:      layout_loops_corners, lightli_temple_of_fire,
          minmay_temple_entry_trees, nicolae_titane, uniq_blork_the_orc
D:7:      layout_gridville
D:8:      layout_loops_ring, uniq_prince_ribbit1, uniq_gastronok
D:9:      layout_cave_pools, mainiacjoe_overflow_two_lobes,
          minmay_misc_feat_tower
Temple:   compressed_dpeg_triangle_lava_temple

Skill      XL: |  1  2  3  4  5  6  7  8  9 10 11 |
---------------+----------------------------------+-----
Fighting       | 3 4 5 6 7 |  7.2
Dodging        | 3 4 5 |  5.2
Unarmed Combat | 3 4 5 6 7 |  7.2
Shapeshifting  | 4 5 6 7 8 |  8.7
Invocations    | 4 6 7 |  7.2
Spellcasting   | 2 3 4 |  4.0

Action                     |  1- 3 |  4- 6 |  7- 9 | 10-12 || total
---------------------------+-------+-------+-------+-------++-------
  Melee: Unarmed           |    66 |    43 |   127 |    55 ||   291
         Constrict         |    16 |    12 |    37 |    12 ||    77
         Tentacles         |     7 |    13 |    34 |    16 ||    70
         Punch             |     2 |     1 |     3 |     6 ||    12
         Hand axe          |       |     7 |    36 |       ||    43
         Kick              |       |       |    46 |    26 ||    72
   Fire: Shortbow          |       |       |     4 |    60 ||    64
  Throw: Stone             |     7 |     1 |     6 |       ||    14
         Javelin           |       |       |    35 |       ||    35
         Dart              |       |       |       |    32 ||    32
    Use: Potion            |       |       |     2 |       ||     2
   Stab: Sleeping          |     2 |     1 |     1 |       ||     4
 Armour: Skin              |     6 |     1 |    23 |       ||    30
  Dodge: Dodged            |    41 |    24 |    89 |    41 ||   195
  Block: Other             |       |     5 |    34 |    13 ||    52
         Reflection        |       |       |     1 |     1 ||     2
         Form:             |       |       |       |     1 ||     1
         Beast             |       |       |       |     1 ||     1

Table legend: (Time is in decaauts)
 A = Elapsed time spent in this place.
 B = Non-inter-level travel time spent in this place.
 C = Inter-level travel time spent in this place.
 D = Time resting spent in this place.
 E = Time spent auto-exploring this place.
 F = Levels seen in this place.
 G = Mean time per level.
                   A        B        C        D        E       F      G
               +--------+--------+--------+--------+--------+-----+--------+
         Total |  10327 |   9363 |    964 |   1501 |   5463 |  10 | 1032.7 |
       Dungeon |  10195 |   9231 |    964 |   1501 |   5382 |   9 | 1132.8 |
        Temple |    132 |    132 |      0 |      0 |     80 |   1 |  132.0 |
               +--------+--------+--------+--------+--------+-----+--------+

Top non-repeatable levels by time:
     D:8: 2225 daAuts
     D:2: 1272 daAuts
     D:6: 1140 daAuts
     D:5: 1105 daAuts
     D:4: 1073 daAuts
     D:3: 866 daAuts
     D:7: 861 daAuts
     D:9: 837 daAuts
     D:1: 811 daAuts
  Temple: 132 daAuts
